 Dungeon Crawl Stone Soup version 0.17.1-2-g5865329 (webtiles) character file.

13057 Tomstefer the Severer (level 11, -2/92 HPs)
             Began as a Minotaur Fighter on Feb 9, 2016.
             Was the Champion of Okawaru.
             Slain by a hog (6 damage)
             ... led by Kirke
             ... while paralysed by a sphinx
             ... on level 12 of the Dungeon.
             The game lasted 00:49:50 (11848 turns).

Tomstefer the Severer (Minotaur Fighter)           Turns: 11848, Time: 00:49:52

Health: -2/92      AC:  0    Str: 24    XL:     11   Next: 70%
Magic:  10/10      EV:  3    Int:  5    God:    Okawaru [******]
Gold:   670        SH:  0    Dex: 10    Spells: 0 memorised, 10 levels left

rFire  . . .     SeeInvis .     (weapon currently unavailable)
rCold  . . .     Clarity  .     (armour currently unavailable)
rNeg   . . .     SustAt   .     (shield currently unavailable)
rPois  .         Gourm    .     (helmet currently unavailable)
rElec  .         Spirit   .     (cloak currently unavailable)
rCorr  .         Warding  .     (gloves currently unavailable)
rMut   .         Stasis   .     (boots currently unavailable)
MR     .....                    v - amulet of regeneration
Stlth  +.........               (ring currently unavailable)
                                (ring currently unavailable)

@: paralysed, pig-form, slowed, very quick, not resistant to hostile
enchantments, very unstealthy
A: (retaliatory headbutt), (horns 0)
a: Heroism, Finesse, Renounce Religion


You were on level 12 of the Dungeon.
You worshipped Okawaru.
Okawaru was exalted by your worship.
You were not hungry.
You were a filthy swine.
You visited 1 branch of the dungeon, and saw 12 of its levels.
You also visited: Sewer.

You collected 670 gold pieces.

Inventory:

Hand Weapons
 j - a +3 battleaxe
 N - a +3 battleaxe of electrocution (melded)
Missiles
 A - 13 tomahawks (quivered)
 L - 8 silver tomahawks
Armour
 c - a +0 shield
 k - a +1 pair of boots (melded)
 t - a +0 pair of gloves (melded)
 M - a +0 plate armour (melded)
Jewellery
 f - an uncursed ring of wizardry
 r - a +2 ring of protection (melded)
 v - an amulet of regeneration (around neck)
 E - a +3 ring of intelligence
 W - a +3 ring of dexterity (melded)
Wands
 y - a wand of magic darts (38)
 G - a wand of random effects (9)
 H - a wand of paralysis (24)
 S - a wand of magic darts (10)
 V - a wand of paralysis (11)
 Y - a wand of confusion (27)
Scrolls
 h - 2 scrolls of enchant armour
 m - 5 scrolls of remove curse
 q - 3 scrolls of magic mapping
 w - 5 scrolls of teleportation
 x - 2 scrolls of blinking
 B - a scroll of fear
 O - 4 scrolls of identify
 Q - a scroll of summoning {unknown}
 R - a scroll of enchant weapon
Potions
 b - a potion of cure mutation {unknown}
 d - 2 potions of might
 g - 2 potions of haste
 l - 2 potions of beneficial mutation {unknown}
 n - a potion of degeneration {unknown}
 o - a potion of invisibility {unknown}
 u - a potion of resistance {unknown}
 C - a potion of flight {unknown}
 D - a potion of magic {unknown}
 F - 8 potions of curing {unknown}
 K - 3 potions of heal wounds {unknown}
 P - a potion of mutation {unknown}
Books
 J - a Grand Grimoire

   Spells                             Type                      Level
   a - Monstrous Menagerie            Summoning                    6
   b - Summon Greater Demon           Summoning                    7
   c - Malign Gateway                 Summoning/Translocation      7
   d - Summon Horrible Things         Summoning                    8
Comestibles
 a - a royal jelly
 e - 10 bread rations
 i - 8 meat rations
 p - 2 slices of pizza
 s - 2 beef jerkies
 z - 9 fruits


   Skills:
 + Level 7.2 Fighting
 * Level 18.5 Axes
 + Level 7.7 Armour
 - Level 0.2 Dodging
 - Level 6.0 Shields


You had 10 spell levels left.
You didn't know any spells.

Dungeon Overview and Level Annotations

Branches:
Dungeon (12/15)            Temple (0/1) D:7            Lair (0/8) D:11
    Orc (0/4) D:10

Altars:
Ashenzari
Dithmenos
Elyvilon
Fedhas
Kikubaaqudgha
Nemelex Xobeh
Okawaru
Qazlal
Ru
Sif Muna
Trog
Xom
Yredelemnul
The Shining One
Beogh

Shops:
D:4 (   D:11 (

Annotations:
D:12 Kirke


Innate Abilities, Weirdness & Mutations

((You reflexively headbutt those who attack you in melee.))
((You have a pair of horns on your head.))


Message History

Deactivating autopickup; reactivate with Ctrl-A.
You hear some strange, mumbled words.
Something summons a sphinx!
The hog misses you.
You feel a momentary urge to oink. The hog bites you! The hog bites you.
The sphinx hits you! The sphinx barely misses you. The sphinx hits you.
You hear some strange, mumbled words.
You feel yourself slow down.
You hear some strange, mumbled words.
Something tries to affect you, but you resist.
The hog misses you. The hog bites you! The hog bites you!
The sphinx mumbles some strange words.
You suddenly lose the ability to move!
The lindwurm breathes flames at you. The blast of flame hits you!
* * * LOW HITPOINT WARNING * * *
The hog bites you.
You die...

####+#####'###....
..........%.......
#........###......
#.................
#.................
<.................
#.......##########
#.###...# ....
#h###...# ....
###h.k....######+###
#..Hh..............#
#..................#
#..................#
#..................#
#..................#
####################
#................##


You could see a sphinx, a lindwurm and 2 hogs.

Vanquished Creatures
  A hydra (D:11)
  An unseen horror (D:12)
  An orc knight (D:10)
  A hill giant (D:12)
  An ugly thing (D:12)
  A cyclops (D:11)
  A gargoyle (D:12)
  A komodo dragon (D:10)
  2 trolls
  4 hippogriffs
  A wraith (D:11)
  A wyvern (D:12)
  A shadow (D:11)
  2 hungry ghosts
  A deep elf fighter (D:11)
  A hog (D:12)
  10 yaks
  3 vampire mosquitoes (D:12)
  Edmund (D:6)
  A water moccasin (D:10)
  A sky beast (D:11)
  2 ice beasts
  4 phantoms
  6 orc warriors
  A necrophage (D:12)
  A wasp (D:12)
  4 ogres
  2 centaurs
  A crocodile (D:11)
  Blork the orc (D:6)
  9 giant frogs
  2 big kobolds
  3 scorpions
  A wyvern zombie (D:10)
  11 killer bees
  6 wights
  4 crimson imps
  A gnoll shaman (D:4)
  A quasit (D:11)
  3 jellies
  A giant frog skeleton (D:9)
  2 centaur zombies
  2 iguanas
  2 centaur skeletons
  2 giant frog zombies
  5 orc priests
  9 worker ants
  4 hounds
  10 orc wizards
  A hound zombie (D:9)
  A hound skeleton (D:9)
  6 gnolls (D:4)
  2 river rats (D:11)
  12 adders
  13 oozes
  2 adder skeletons
  A worm (D:4)
  15 giant geckos
  66 orcs
  13 ball pythons (Sewer)
  3 goblins
  7 hobgoblins
  4 jackals
  20 kobolds
  4 quokkas
  12 bats
  20 giant cockroaches
  14 giant newts
  A jackal skeleton (D:6)
  16 rats
  A fungus (D:11)
371 creatures vanquished.

Notes
Turn   | Place    | Note
--------------------------------------------------------------
     0 | D:1      | Tomstefer the Minotaur Fighter began the quest for the Orb.
     0 | D:1      | Reached XP level 1. HP: 19/19 MP: 0/0
   361 | D:1      | Reached XP level 2. HP: 25/27 MP: 1/1
   687 | D:1      | Reached skill level 4 in Armour
  1001 | D:2      | Reached XP level 3. HP: 30/33 MP: 2/2
  2027 | D:3      | Reached XP level 4. HP: 40/40 MP: 3/3
  2529 | D:3      | Found a faded altar to an unknown god.
  3001 | D:4      | Found a shattered altar of Ashenzari.
  3046 | D:4      | Found an iron altar of Okawaru.
  3063 | D:4      | Reached XP level 5. HP: 27/46 MP: 4/4
  3252 | D:4      | Became a worshipper of Warmaster Okawaru
  3313 | D:4      | Found Wiuhaq's Weapon Shop.
  3413 | D:4      | Found a glowing drain.
  3431 | Sewer    | Entered a sewer
  3441 | Sewer    | Reached skill level 5 in Shields
  3471 | Sewer    | Reached skill level 5 in Axes
  3497 | Sewer    | Reached skill level 5 in Armour
  3497 | Sewer    | Reached XP level 6. HP: 53/53 MP: 5/5
  3948 | Sewer    | Reached * piety under Okawaru
  4098 | D:4      | Noticed a phantom
  4100 | D:4      | Found a white marble altar of Elyvilon.
  4128 | D:4      | Found an ancient bone altar of Kikubaaqudgha.
  4139 | D:4      | Killed a phantom
  4139 | D:4      | Reached skill level 5 in Fighting
  4139 | D:4      | Reached skill level 6 in Axes
  4139 | D:4      | Reached XP level 7. HP: 49/61 MP: 6/6
  4610 | D:4      | Found a shimmering altar of Xom.
  4610 | D:4      | Found a bloodstained altar of Trog.
  4610 | D:4      | Found a stormy altar of Qazlal.
  4756 | D:5      | Entered Level 5 of the Dungeon
  4986 | D:5      | Reached skill level 7 in Axes
  5206 | D:5      | Found a blossoming altar of Fedhas.
  5332 | D:6      | Reached skill level 8 in Axes
  5594 | D:6      | Reached XP level 8. HP: 68/68 MP: 7/7
  5611 | D:6      | Reached ** piety under Okawaru
  5681 | D:6      | Noticed Edmund
  5697 | D:6      | Killed Edmund
  5697 | D:6      | Reached skill level 9 in Axes
  6007 | D:6      | Reached skill level 10 in Axes
  6115 | D:6      | Noticed Blork the orc
  6122 | D:6      | Killed Blork the orc
  6168 | D:6      | Found a glowing golden altar of the Shining One.
  6171 | D:6      | Noticed an angel
  6178 | D:6      | Found a basalt altar of Yredelemnul.
  6180 | D:6      | Noticed a profane servitor
  6372 | D:6      | Found a deep blue altar of Sif Muna.
  6372 | D:6      | Found a sacrificial altar of Ru.
  6400 | D:7      | Reached skill level 11 in Axes
  6504 | D:7      | Found a sparkling altar of Nemelex Xobeh.
  6566 | D:7      | Reached *** piety under Okawaru
  6566 | D:7      | Reached XP level 9. HP: 74/74 MP: 8/8
  6605 | D:7      | Found a staircase to the Ecumenical Temple.
  6633 | D:7      | Reached skill level 12 in Axes
  7167 | D:8      | Reached skill level 13 in Axes
  8036 | D:9      | Reached **** piety under Okawaru
  8036 | D:9      | Reached skill level 14 in Axes
  8138 | D:9      | Received a gift from Okawaru
  8258 | D:9      | Reached XP level 10. HP: 81/81 MP: 9/9
  8838 | D:9      | Reached skill level 15 in Axes
  8844 | D:9      | Found a shadowy altar of Dithmenos.
  8897 | D:10     | Entered Level 10 of the Dungeon
  9076 | D:10     | Found a roughly hewn altar of Beogh.
  9076 | D:10     | Found a staircase to the Orcish Mines.
  9079 | D:10     | Noticed an orc knight
  9098 | D:10     | Killed an orc knight
  9496 | D:10     | Reached skill level 16 in Axes
  9698 | D:10     | Reached ***** piety under Okawaru
 10067 | D:11     | Reached skill level 17 in Axes
 10183 | D:11     | Noticed a six-headed hydra
 10199 | D:11     | Killed an eight-headed hydra
 10240 | D:11     | Found Teozxyth's Antique Weapon Shop.
 10268 | D:11     | Found a staircase to the Lair.
 10270 | D:11     | Reached XP level 11. HP: 88/88 MP: 10/10
 10380 | D:11     | Noticed a cyclops
 10393 | D:11     | Killed a cyclops
 11165 | D:12     | Reached skill level 18 in Axes
 11467 | D:12     | Noticed a hill giant
 11472 | D:12     | Killed a hill giant
 11472 | D:12     | Received a gift from Okawaru
 11472 | D:12     | Reached ****** piety under Okawaru
 11472 | D:12     | Killed an unseen horror
 11809 | D:12     | Noticed Kirke
 11814 | D:12     | Noticed a lindwurm
 11834 | D:12     | Noticed a sphinx
 11848 | D:12     | Paralysed by a sphinx for 4 turns
 11848 | D:12     | HP: 4/92 [lindwurm/blast of flame[Kirke] (35)]
 11848 | D:12     | Slain by a hog

Action                   |  1- 3 |  4- 6 |  7- 9 | 10-12 || total
-------------------------+-------+-------+-------+-------++-------
Melee: War axe           |    93 |   257 |   137 |       ||   487
       Battleaxe         |       |       |   157 |   297 ||   454
Throw: Tomahawk          |       |       |    17 |       ||    17
Invok: Heroism           |       |       |     2 |     3 ||     5
  Use: Scroll            |       |     3 |     6 |    10 ||    19
  Eat: Chunk             |     3 |     9 |    15 |    14 ||    41
       Meat ration       |       |       |       |     2 ||     2
